 Dungeon Crawl Stone Soup version 0.18.1-6-gd335043 (webtiles) character file.

2099 shmeve the Chopper (level 9, -9/123 HPs)
             Began as a Deep Dwarf Berserker on May 17, 2016.
             Was an Elder of Trog.
             Mangled by a hill giant
             ... wielding a +0 giant club
              (26 damage)
             ... on level 8 of the Dungeon on May 18, 2016.
             The game lasted 00:20:41 (4972 turns).

shmeve the Chopper (Deep Dwarf Berserker)           Turns: 4972, Time: 00:20:42

Health: -9/123     AC: 10    Str: 28    XL:     9   Next: 7%
Magic:  11/11      EV: 12    Int:  9    God:    Trog [****..]
Gold:   243        SH:  0    Dex: 12    Spells: 0 memorised, 8 levels left

rFire  . . .     SeeInvis .     s - +0 war axe "Ogrebane" {chop, rPois} (curse)
rCold  . . .     Gourm    +     r - +0 scale mail
rNeg   . . .     Faith    .     (no shield)
rPois  +         Spirit   .     (no helmet)
rElec  .         Dismiss  .     l - +1 cloak
rCorr  +         Reflect  .     (no gloves)
SustAt .         Harm     .     A - +0 pair of boots
MR     +....                    j - amulet of the gourmand
Stlth  ..........               (no ring)
                                o - ring of resist corrosion

@: berserking, non-regenerating, drained, very quick, somewhat resistant to
hostile enchantments, extremely unstealthy
A: damage resistance, recharge devices, sense surroundings 2, slow regeneration
3
a: Device Recharging, Berserk, Trog's Hand, Brothers in Arms, Burn Spellbooks,
Renounce Religion


You were on level 8 of the Dungeon.
You worshipped Trog.
Trog was greatly pleased with you.
You were not hungry.

You visited 1 branch of the dungeon, and saw 8 of its levels.

You collected 243 gold pieces.

Inventory:

Hand Weapons
 a - a +0 hand axe
 s - the cursed +0 war axe "Ogrebane" (weapon) {chop, rPois}
   (You found it on level 7 of the Dungeon)

   It inflicts extra damage upon your enemies.
   It protects you from poison.
   It has a curse placed upon it.
Armour
 l - a +1 cloak (worn)
 r - a +0 scale mail (worn)
 A - a +0 pair of boots (worn)
Jewellery
 j - an amulet of the gourmand (around neck)
 o - a ring of resist corrosion (left hand)
Wands
 c - a wand of heal wounds (3/9)
 m - a wand of lightning (3/15)
 B - a wand of flame (5/48)
 D - a wand of flame (22/48)
Scrolls
 g - 2 scrolls of remove curse
 h - 3 scrolls of magic mapping {unknown}
 k - 2 scrolls of teleportation {unknown}
 p - a scroll of recharging {unknown}
 q - a scroll of blinking {unknown}
 y - 5 scrolls of identify {unknown}
 z - a scroll of amnesia {unknown}
 C - a scroll of enchant armour {unknown}
 F - a scroll of fear {unknown}
 J - a scroll of fog {unknown}
Potions
 b - a potion of invisibility {unknown}
 e - a potion of berserk rage {unknown}
 f - 2 potions of might {unknown}
 n - a potion of mutation {unknown}
 t - a potion of curing {unknown}
 u - a potion of magic {unknown}
 v - a potion of lignification {unknown}
 w - a potion of brilliance {unknown}
 x - 2 potions of cancellation {unknown}
 G - a potion of cure mutation {unknown}
 H - a potion of resistance {unknown}
 I - 2 potions of degeneration {unknown}
Comestibles
 d - 6 bread rations
 i - 32 fruits
 E - 2 slices of pizza


   Skills:
 * Level 6.2(5.9) Fighting
 * Level 7.8(7.4) Axes
 + Level 5.2(4.9) Armour
 + Level 5.3(5.0) Dodging
 + Level 6.0(5.6) Evocations


You had 8 spell levels left.
You didn't know any spells.

Dungeon Overview and Level Annotations

Branches:
Dungeon (8/15)             Temple (0/1) D:6
   Lair: D:8-11

Altars:
Fedhas
Makhleb
Nemelex Xobeh
Okawaru


Innate Abilities, Weirdness & Mutations

You are resistant to damage.
You can recharge devices by infusing magical energy.
You passively map the area around you.
You do not regenerate naturally.


Message History

Eat a chunk of flesh? (ye/n/q/i?) This raw flesh tastes great.
You continue eating. x2
Found 19 bolts.
You see here 19 bolts.
Found a stone staircase leading up.
J - a scroll labeled SAPUCW FUEH A hill giant comes into view.
It is wielding a giant club.
The hill giant shouts!
You see here a scroll labeled NAHUGR SELAEH.
y - 5 scrolls labeled NAHUGR SELAEH (gained 1)
A red film seems to cover your vision as you go berserk!
You feel yourself moving faster!
You feel mighty!
You feel somewhat more hungry.
The hill giant hits you with a giant club!!
* * * LOW HITPOINT WARNING * * *
You slash the hill giant!
The hill giant is lightly wounded.
The hill giant hits you with a giant club!!
You die...

* *,* ##...... * ** ,*,**
**####### ** * * * #.... ,
, , ,, , ##### , ****# * *
,,, #... ##. , ,, , #..# *
##... * , * *##.#
....<.#####* *######.# ,
.......@..# , #....... ,,
*,##.#...C..## * #....#.#
, #...###.########..... ,*
,#........#.#.###.##.# ,
,, .....................#
,, ,
#...................... ,
,,........................
,, , ,
,.##...........#####.#...
, , .##..####... #.#...


You could see a hill giant.

Vanquished Creatures
  A hungry ghost (D:7)
  A sky beast (D:5)
  A black bear (D:7)
  A centaur (D:7)
  A big kobold (D:8)
  5 giant frogs (D:6)
  2 scorpions
  2 howler monkeys
  8 wights
  5 crimson imps
  A jelly (D:5)
  A giant frog zombie (D:6)
  A gnoll shaman (D:7)
  A hound (D:8)
  An orc wizard (D:4)
  3 iguanas
  3 worker ants
  A killer bee zombie (D:6)
  6 gnolls
  10 adders
  A shadow imp (D:6)
  2 oozes
  3 adder zombies
  An adder skeleton (D:4)
  5 worms
  2 dart slugs
  5 giant geckos
  14 orcs
  A ball python (D:2)
  4 giant cockroaches
  7 hobgoblins
  8 jackals
  11 kobolds
  4 quokkas
  7 bats
  A giant cockroach zombie (D:6)
  A giant gecko skeleton (D:6)
  5 giant newts
  12 goblins
  A quokka skeleton (D:7)
  A quokka zombie (D:5)
  3 rats
  A butterfly (D:6)
155 creatures vanquished.

Vanquished Creatures (others)
  5 toadstools (D:1)
5 creatures vanquished.

Grand Total: 160 creatures vanquished

Notes
Turn   | Place    | Note
--------------------------------------------------------------
     0 | D:1      | shmeve the Deep Dwarf Berserker began the quest for the Orb.
     0 | D:1      | Reached XP level 1. HP: 20/20 MP: 1/1
   127 | D:1      | Reached XP level 2. HP: 24/27 MP: 2/2
   415 | D:1      | Reached XP level 3. HP: 33/34 MP: 3/3
   447 | D:1      | Reached ** piety under Trog
   447 | D:1      | Reached skill level 1 in Evocations
   912 | D:2      | Reached skill level 4 in Axes
   930 | D:2      | Reached XP level 4. HP: 21/42 MP: 5/5
  1449 | D:3      | Reached *** piety under Trog
  1649 | D:3      | Reached XP level 5. HP: 47/49 MP: 5/5
  2050 | D:4      | HP: 1/49 [worker ant (4)]
  2265 | D:4      | Reached skill level 5 in Axes
  2265 | D:4      | Reached XP level 6. HP: 45/57 MP: 7/7
  2486 | D:4      | Reached **** piety under Trog
  2567 | D:5      | Entered Level 5 of the Dungeon
  2673 | D:5      | Found a burning altar of Makhleb.
  2918 | D:5      | Found a blossoming altar of Fedhas.
  2963 | D:5      | Noticed a sky beast
  2991 | D:5      | Killed a sky beast
  3065 | D:5      | Reached XP level 7. HP: 55/64 MP: 8/8
  3280 | D:6      | Found a staircase to the Ecumenical Temple.
  3294 | D:6      | Reached skill level 6 in Axes
  3408 | D:6      | Found an iron altar of Okawaru.
  3506 | D:6      | Reached skill level 5 in Fighting
  3557 | D:6      | Found a sparkling altar of Nemelex Xobeh.
  3656 | D:6      | Reached XP level 8. HP: 48/74 MP: 10/10
  3734 | D:6      | Reached skill level 5 in Evocations
  4278 | D:7      | Reached skill level 7 in Axes
  4514 | D:7      | Reached skill level 5 in Dodging
  4539 | D:7      | Reached skill level 5 in Armour
  4591 | D:7      | Got a transparent war axe
  4592 | D:7      | Identified the cursed +0 war axe "Ogrebane" {chop, rPois} (You found it on level 7 of the Dungeon)
  4779 | D:8      | Gained mutation: You passively map the area around you. [Deep Dwarf growth]
  4779 | D:8      | Reached XP level 9. HP: 42/82 MP: 11/11
  4966 | D:8      | Noticed a hill giant
  4972 | D:8      | Mangled by a hill giant

Skill      XL: |  1  2  3  4  5  6  7  8  9 |
---------------+----------------------------+-----
Fighting       | 3 4 5 6 |  6.2
Evocations     | 1 2 3 4 5 6 |  6.0
Axes           | 4 5 6 7 |  7.8
Armour         | 3 4 5 |  5.2
Dodging        | 3 4 5 |  5.3

Action                   |  1- 3 |  4- 6 |  7- 9 || total
-------------------------+-------+-------+-------++-------
Melee: Hand axe          |   139 |   278 |   399 ||   816
       War axe           |       |       |    57 ||    57
Invok: Berserk           |       |     3 |     5 ||     8
       Trog's Hand       |       |     1 |       ||     1
       Burn Spellbooks   |       |     1 |       ||     1
 Abil: Device Recharging |       |     1 |     1 ||     2
Evoke: Wand              |     1 |    10 |     8 ||    19
  Use: Scroll            |       |       |     2 ||     2
 Stab: Sleeping          |     2 |     1 |       ||     3
  Eat: Chunk             |       |    11 |    18 ||    29
       Pizza             |       |       |     1 ||     1
       Royal jelly       |       |       |     1 ||     1
       Beef jerky        |       |       |     1 ||     1
Armor: Animal skin       |    43 |    26 |       ||    69
       Scale mail        |       |    43 |   215 ||   258
Dodge: Dodged            |   100 |   156 |   283 ||   539
